 Dungeon Crawl Stone Soup version 0.13-b1-32-g21a608e (console) character file.

10364 5ubbak the Jinx (level 11, -4/68 HPs)
             Began as a Vampire Enchanter on Oct 6, 2013.
             Was a Priest of Sif Muna.
             Slain by a troll (10 damage)
             ... on Level 11 of the Dungeon.
             The game lasted 01:01:19 (14995 turns).

5ubbak the Jinx (Vampire Enchanter)                Turns: 14995, Time: 01:01:20

HP  -4/68        AC  5     Str  9      XL: 11   Next: 25%
MP   2/24        EV 15     Int 18      God: Sif Muna [***...]
Gold 728         SH  0     Dex 14      Spells:  6 memorised,  3 levels left

Res.Fire  : + . .   See Invis. : +   a - +1 dagger {=f}
Res.Cold  : + . .   Warding    : +   b - +1 robe
Life Prot.: + + +   Conserve   : .   (no shield)
Res.Poison: +       Res.Corr.  : .   s - +0 helmet
Res.Elec. : .       Clarity    : .   v - +0 cloak
Sust.Abil.: . .     Spirit.Shd : .   (no gloves)
Res.Mut.  : .       Stasis     : .   (no boots)
Res.Rott. : +       Flight     : .   S - amulet of warding
Saprovore : . . .                    k - ring of wizardry
                                     e - ring of protection from fire

@: regenerating slowly, somewhat resistant to hostile enchantments, extremely
stealthy
A: bottle blood, fangs 3, see invisible, unbreathing
a: Bat Form, Bottle Blood, Channel Energy, Forget Spell, Renounce Religion


You were on level 11 of the Dungeon.
You worshipped Sif Muna.
Sif Muna was most pleased with you.
You were thirsty.

You visited 2 branches of the dungeon, and saw 12 of its levels.

You collected 708 gold pieces.

Inventory:

Hand weapons
 a - a +1,+1 dagger (weapon) {=f}
Missiles
 p - 20 stones (quivered)
Armour
 b - a +1 robe (worn)
 s - a +0 helmet (worn)
 v - a +0 cloak (worn)
Magical devices
 g - a wand of lightning (2)
 y - a wand of enslavement (8)
 C - a wand of disintegration (11)
 D - a wand of magic darts (9)
 E - a wand of lightning (5)
 F - a wand of paralysis (14)
 V - a wand of flame (17)
Scrolls
 f - 6 scrolls of teleportation {unknown}
 m - a scroll of magic mapping
 n - 2 scrolls of recharging {unknown}
 o - 3 scrolls of curse armour {unknown}
 q - 3 scrolls of remove curse
 u - 2 scrolls of enchant weapon I {unknown}
 w - 4 scrolls of random uselessness {unknown}
 G - 2 scrolls of enchant armour {unknown}
 H - a scroll of summoning {unknown}
 J - 2 scrolls of curse jewellery {unknown}
 K - a scroll of blinking {unknown}
 M - a scroll of enchant weapon II {unknown}
 N - 2 scrolls of noise {unknown}
 P - a scroll of fear {unknown}
 Q - a scroll of fog
 R - 2 scrolls of silence {unknown}
 U - a scroll of identify
Jewellery
 e - a ring of protection from fire (left hand)
 k - a ring of wizardry (right hand)
 A - an uncursed ring of teleportation
 I - an uncursed amulet of resist mutation
 S - an amulet of warding (around neck)
Potions
 h - 5 potions of heal wounds
 i - 2 potions of restore abilities {unknown}
 j - a potion of magic {unknown}
 r - 2 potions of degeneration {unknown}
 x - 2 potions of flight
 z - a potion of brilliance {unknown}
 B - 6 potions of curing
 L - 2 potions of poison {unknown}
 O - a potion of paralysis {unknown}
 T - 3 potions of blood
Books
 c - a book of Necromancy

   Spells                             Type                      Level
   Pain                               Necromancy                   1
   Animate Skeleton                   Necromancy                   1
   Lethal Infusion                    Charms/Necromancy            2
   Vampiric Draining                  Necromancy                   3
   Regeneration                       Charms/Necromancy            3
   Animate Dead                       Necromancy                   4
   Control Undead                     Necromancy                   4
 t - a book of Spatial Translocations

   Spells                             Type                      Level
   Apportation                        Translocation                1
   Portal Projectile                  Translocation                2
   *Blink                             Translocation                2
   Shroud of Golubria                 Charms/Translocation         2
   Teleport Other                     Translocation                3
   Passage of Golubria                Translocation                4
Miscellaneous
 d - a bottled efreet
 l - a fan of gales


   Skills:
 * Level 8.9 Short Blades
 - Level 0.7 Throwing
 + Level 6.6 Dodging
 + Level 9.4 Stealth
 * Level 5.7 Spellcasting
 * Level 12.3 Hexes
 + Level 2.4 Translocations
 + Level 5.5 Ice Magic
 + Level 3.3 Invocations
 + Level 3.9 Evocations


You had 3 spell levels left.
You knew the following spells:

 Your Spells              Type           Power        Failure   Level  Hunger
a - Corona                Hex            #####..      1%          1    None
b - Ensorcelled Hibernat  Hex/Ice        #####.       1%          2    None
c - Confuse               Hex            #####...     1%          3    ##.....
d - Enslavement           Hex            #####...     1%          4    ####...
e - Invisibility          Hex            #####...     5%          6    #######
f - Blink                 Tloc           N/A          3%          2    None


Dungeon Overview and Level Annotations

Branches:
Dungeon (11/27)            Temple (1/1) D:5             Orc (0/4) D:10
   Lair (0/8) D:11

Altars:
Ashenzari
Cheibriados
Elyvilon
Fedhas
Kikubaaqudgha
Makhleb
Nemelex Xobeh
Okawaru
Sif Muna
Trog
Vehumet
Xom
Yredelemnul
Zin
the Shining One
Beogh

Shops:
D:6 (

Annotations:
D:6 Goboxel's ghost, experienced HuFi


Innate Abilities, Weirdness & Mutations

You heal slowly.
You can bottle blood from corpses.
You have razor-sharp teeth.*
You have supernaturally acute eyesight.
You can survive without breathing.*


Message History

Confirm with . or Enter, or press ? or * to list all spells.
Aiming: Confuse
Press: ? - help, Shift-Dir - straight line, f/p - troll
Aim: a troll The troll resists.
The troll bites you.
* * * LOW HITPOINT WARNING * * *
The troll claws you.
* * * LOW HITPOINT WARNING * * *
The troll claws you but does no damage. The troll misses you.
The troll claws you.
* * * LOW HITPOINT WARNING * * *
The troll closely misses you.
Drink which item? (? for menu, Esc to quit)
You feel much better.
It was a potion of heal wounds.
The troll bites you!
* * * LOW HITPOINT WARNING * * *
The troll claws you.
* * * LOW HITPOINT WARNING * * *
The troll claws you!
You die...

##.##.# ###.##.#. ## ###...#.##
#..(...#. .# # #. .......#
#..%...## .# #.#.
...#..######......# .#######.#.
#.##.....[........#
...........###.##.#######......#
.#..............#.########.###.##
.##########.##))....!............
.##########.(..T@...........#....
........)......############...###
################ #####


You could see a troll.

Vanquished Creatures
  Josephine (D:11)
  An unseen horror (D:10)
  3 hill giants (D:10)
  An orc knight (D:10)
  A cyclops (D:11)
  A shadow (D:10)
  A wyvern (D:9)
  A wraith (D:10)
  6 yaks (D:9)
  The ghost of AndrewJacksonJihad the Firebug, an average HOFE (D:4)
  A manticore (D:10)
  3 ice beasts
  2 phantoms
  2 necrophages (D:10)
  A sky beast (D:6)
  4 ogres
  3 centaurs
  A hill giant simulacrum (D:11)
  12 orc warriors
  Duvessa (D:6)
  A komodo dragon zombie (D:11)
  2 wargs (D:11)
  8 giant frogs
  An agate snail (D:11)
  A manticore zombie (D:4)
  A cyclops skeleton (D:11)
  A yak skeleton (D:11)
  5 killer bees (D:10)
  A hippogriff skeleton (D:11)
  3 goliath beetles
  Dowan (D:6)
  3 wights (D:8)
  A crimson imp (D:5)
  A quasit (D:7)
  5 hounds
  A jelly (D:6)
  7 orc priests
  4 orc wizards
  A giant frog skeleton (D:5)
  5 scorpions
  2 giant frog zombies (D:9)
  16 worker ants
  A black bear skeleton (D:9)
  5 iguanas
  A sky beast zombie (D:3)
  A hound zombie (D:3)
  An ogre skeleton (D:5)
  2 hound skeletons
  A worker ant zombie (D:3)
  3 gnolls (D:3)
  16 adders
  2 giant mites
  An inept feature mimic (D:10)
  4 worms
  An adder skeleton (D:4)
  An iguana skeleton (D:8)
  3 giant eyeballs
  8 giant geckos
  3 oozes
  55 orcs
  2 bat skeletons (D:3)
  A bat zombie (D:5)
  5 giant cockroaches
  15 hobgoblins
  12 jackals
  9 kobolds
  2 quokkas (D:4)
  11 bats
  9 giant newts
  A giant newt skeleton (D:3)
  2 giant spores
  9 goblins
  3 goblin skeletons (D:3)
  3 goblin zombies
  2 hobgoblin skeletons
  A kobold zombie (D:3)
  An orc skeleton (D:3)
  An orc zombie (D:3)
  13 rats
  5 ballistomycetes
334 creatures vanquished.

Vanquished Creatures (collateral kills)
  A crimson imp (D:11)
  4 orc priests
  A hound (D:10)
  An orc wizard (D:7)
  An ogre zombie (D:10)
  A worker ant zombie (D:11)
  An iguana skeleton (D:7)
  8 orcs
18 creatures vanquished.

Grand Total: 352 creatures vanquished

Notes
Turn   | Place    | Note
--------------------------------------------------------------
     0 | D:1      | 5ubbak, the Vampire Enchanter, began the quest for the Orb.
     0 | D:1      | Reached XP level 1. HP: 13/13 MP: 4/4
   319 | D:1      | Found a sparkling altar of Nemelex Xobeh.
   489 | D:1      | Reached XP level 2. HP: 8/19 MP: 3/5
   493 | D:1      | Learned a level 2 spell: Ensorcelled Hibernation
  1190 | D:2      | Reached skill level 5 in Hexes
  1281 | D:2      | Reached XP level 3. HP: 24/24 MP: 6/6
  1282 | D:2      | +Str
  1859 | D:2      | Found a shimmering altar of Xom.
  2028 | D:2      | Reached XP level 4. HP: 28/30 MP: 4/8
  2110 | D:3      | Found an iron altar of Okawaru.
  2816 | D:3      | Reached XP level 5. HP: 32/35 MP: 9/9
  2837 | D:3      | Reached skill level 6 in Hexes
  2843 | D:3      | Reached skill level 1 in Ice Magic
  2997 | D:3      | Learned a level 3 spell: Confuse
  3805 | D:3      | Found a deep blue altar of Sif Muna.
  3808 | D:3      | Became a worshipper of Sif Muna the Loreminder
  4084 | D:4      | Reached XP level 6. HP: 41/41 MP: 11/11
  4085 | D:4      | +Int
  4279 | D:4      | Found a sparkling altar of Nemelex Xobeh.
  4332 | D:4      | Noticed AndrewJacksonJihad's ghost (average HOFE)
  4349 | D:4      | Noticed an ogre
  4363 | D:4      | Killed an ogre
  4363 | D:4      | Reached skill level 7 in Hexes
  4479 | D:4      | Reached skill level 5 in Stealth
  4495 | D:4      | Found a bloodstained altar of Trog.
  4691 | D:4      | Killed AndrewJacksonJihad's ghost
  4691 | D:4      | Reached XP level 7. HP: 33/46 MP: 2/13
  5813 | D:5      | Entered Level 5 of the Dungeon
  5831 | D:5      | Found a blossoming altar of Fedhas.
  5859 | D:5      | Found a staircase to the Ecumenical Temple.
  5880 | Temple   | Entered the Ecumenical Temple
  6054 | D:5      | Reached skill level 5 in Short Blades
  6319 | D:5      | Found a burning altar of Makhleb.
  6390 | D:5      | Found a deep blue altar of Sif Muna.
  6393 | D:5      | Found a glowing silver altar of Zin.
  6394 | D:5      | Found a radiant altar of Vehumet.
  6394 | D:5      | Found an ancient bone altar of Kikubaaqudgha.
  6399 | D:5      | Found a basalt altar of Yredelemnul.
  6562 | D:6      | Reached skill level 8 in Hexes
  6569 | D:6      | Acquired Sif Muna's first power
  6569 | D:6      | Reached XP level 8. HP: 52/52 MP: 9/16
  6601 | D:6      | Noticed Goboxel's ghost (experienced HuFi)
  6793 | D:6      | Noticed Duvessa
  6793 | D:6      | Noticed Dowan
  7128 | D:7      | Reached skill level 9 in Hexes
  7128 | D:7      | Reached skill level 1 in Invocations
  7292 | D:6      | Killed Duvessa
  7311 | D:6      | Killed Dowan
  7321 | D:6      | Learned a level 4 spell: Enslavement
  8018 | D:5      | Reached XP level 9. HP: 38/57 MP: 11/18
  8280 | D:6      | Found Throalua's Weapon Shop.
  8764 | D:6      | Reached skill level 1 in Evocations
  8961 | D:7      | Acquired Sif Muna's second power
  9239 | D:8      | Reached skill level 5 in Dodging
  9239 | D:8      | Reached skill level 10 in Hexes
 10781 | Temple   | Learned a level 6 spell: Invisibility
 10967 | D:9      | Reached skill level 11 in Hexes
 11460 | D:9      | Got a crystal falchion
 11545 | D:9      | Reached XP level 10. HP: 63/63 MP: 16/21
 11708 | Temple   | Learned a level 2 spell: Blink
 11789 | D:10     | Entered Level 10 of the Dungeon
 11794 | D:10     | Noticed a hill giant
 11796 | D:10     | Killed a hill giant
 11878 | D:10     | Reached skill level 5 in Spellcasting
 12169 | D:10     | Noticed an unseen horror
 12172 | D:10     | Killed an unseen horror
 12200 | D:10     | Reached skill level 1 in Translocations
 12278 | D:10     | Reached skill level 5 in Ice Magic
 12300 | D:10     | Noticed a hill giant
 12323 | D:10     | Killed a hill giant
 12641 | D:10     | Noticed an orc knight
 12786 | D:10     | Noticed a hill giant
 12793 | D:10     | Killed a hill giant
 13002 | D:10     | Reached XP level 11. HP: 56/68 MP: 17/24
 13230 | D:10     | Found a roughly hewn altar of Beogh.
 13231 | D:10     | Found a staircase to the Orcish Mines.
 13886 | D:10     | Reached skill level 12 in Hexes
 14082 | D:10     | Found a roughly hewn altar of Beogh.
 14131 | D:10     | Killed an orc knight
 14429 | D:11     | Found a staircase to the Lair.
 14854 | D:11     | Noticed Josephine
 14862 | D:11     | Josephine (ally) was killed
 14862 | D:11     | Your ally died
 14995 | D:11     | Slain by a troll

Action                   |  1- 3 |  4- 6 |  7- 9 | 10-12 || total
-------------------------+-------+-------+-------+-------++-------
Melee: Dagger            |    76 |   248 |   447 |   299 ||  1070
Throw: Dart              |       |       |     2 |       ||     2
 Cast: Corona            |     5 |     1 |       |       ||     6
       Ensorcelled Hiber |    17 |    44 |   105 |    91 ||   257
       Confuse           |       |    10 |    27 |    33 ||    70
       Enslavement       |       |       |     4 |    27 ||    31
Invok: Channel Energy    |       |       |       |    12 ||    12
 Abil: Bottle Blood      |       |     3 |    44 |    25 ||    72
       End Transformatio |       |       |     3 |       ||     3
       Bat Form          |       |       |     3 |       ||     3
Evoke: Wand              |       |       |     4 |     5 ||     9
  Use: Scroll            |       |     4 |     4 |       ||     8
       Potion            |       |       |    11 |     6 ||    17
 Stab: Sleeping          |    18 |    32 |    93 |    67 ||   210
       Confused          |       |     3 |    14 |     7 ||    24
       Distracted        |       |       |     2 |       ||     2
       Paralysed         |       |       |     1 |       ||     1
